Little Stars vs River Rats
(R1)
Created - 18 octobre 2014 at 23:27
Goals
|
Little Stars |
1 |
2 |
1 |
1 |
5 |
River Rats |
2 |
0 |
2 |
0 |
4 |
|
Shots
|
Little Stars |
8 |
9 |
13 |
2 |
32 |
River Rats |
12 |
10 |
15 |
3 |
40 |
|
1st period
1. River Rats , Michael Del Zotto 2 (Steve Quailer, Peter Mueller) at 3:23 (PP)
2. River Rats , Tyler Bozak 6 (Martin Grenier) at 19:23
3. Little Stars , Chris Dingman 8 (Mathieu Roy) at 19:38
Penalties :
Jimmy Hayes (Tex) for Slashing (Minor) at 3:20, Steve Quailer (Alb) for Tripping (Minor) at 3:45, Chris Dingman (Tex) for Hooking (Minor) at 7:18, Cody Bass (Tex) for Roughing (Minor) at 14:28, Keith Seabrook (Alb) for Interference (Minor) at 17:18
2nd period
4. Little Stars , Marcus Kruger 2 (Jesse Joensuu, Matt Halischuk) at 1:55
5. Little Stars , Éric Belanger 15 (Ryan Vesce, Mathieu Roy) at 6:33
Penalties :
Pavel Valentenko (Alb) for Holding (Minor) at 9:15, Raphael Diaz (Tex) for Interference (Minor) at 12:46, Mathieu Roy (Tex) for Interference (Minor) at 16:05
3rd period
6. River Rats , Damien Brunner 7 (Tyler Bozak) at 8:05 (PP)
7. Little Stars , Matt Halischuk 7 (Marcus Kruger) at 16:16
8. River Rats , Brett Maclean 8 (Damien Brunner, Tyler Bozak) at 17:21 (PP)
Penalties :
Matt Jones (Alb) for Hooking (Minor) at 2:41, Mathieu Roy (Tex) for Tripping (Minor) at 7:59, Alexander Vasyunov (Tex) for Holding (Minor) at 9:20, Jimmy Hayes (Tex) for Tripping (Minor) at 13:33, Mathieu Roy (Tex) for Tripping (Minor) at 17:15
Overtime #1
9. Little Stars , Ryan Vesce 9 (Matt Halischuk, Mathieu Roy) at 4:40
Penalties :
No Penalty
Goalie Stats
Erik Ersberg (Tex), 36 saves from 40 shots - (0,900), W, 8-1-0, 64:40 minutes
Braden Holtby (Alb), 27 saves from 32 shots - (0,844), OTL, 3-2-2, 64:40 minutes
Players Stats for Little Stars
Player Name G A P +/- PIM S H SB GA TA FO MP PP MP PK MP
------------------------------------------------------------------------------------
Alexander Vasyunov 0 0 0 0 2 0 2 0 0 1 0/0 7:51 0:00 2:06
Cameron Schilling 0 0 0 1 0 0 1 1 0 0 0/0 22:07 2:55 4:43
Carl Hagelin 0 0 0 -1 0 0 1 0 0 0 0/1 10:59 0:08 0:00
Chris Dingman 1 0 1 2 2 5 2 2 0 1 2/5 24:12 4:35 4:55
Clay Wilson 0 0 0 3 0 0 1 2 0 1 0/0 30:22 5:01 6:45
Cody Bass 0 0 0 -1 2 1 2 0 0 0 2/5 11:53 0:30 0:00
Danny DeKeiser 0 0 0 0 0 0 0 0 0 0 0/0 4:15 0:00 1:18
Éric Belanger 1 0 1 2 0 4 1 2 0 0 17/45 29:15 4:35 6:04
Jesse Joensuu 0 1 1 2 0 2 3 1 0 0 1/1 14:51 3:13 0:12
Jimmy Hayes 0 0 0 -1 4 1 2 0 0 0 0/1 13:42 0:08 2:08
Landon Ferraro 0 0 0 0 0 0 0 0 0 1 0/2 6:27 0:00 0:45
Marcus Kruger 1 1 2 2 0 6 1 0 1 2 5/10 14:39 3:13 0:00
Mathieu Roy 0 3 3 3 6 2 4 0 1 1 0/0 30:28 5:01 5:24
Matt Halischuk 1 2 3 3 0 2 1 0 1 0 0/0 20:53 3:13 4:04
Matt Pelech 0 0 0 0 0 0 1 3 0 0 0/0 11:16 0:00 1:49
Raphael Diaz 0 0 0 1 2 7 3 2 1 1 0/0 21:40 2:55 3:53
Robert Czarnik 0 0 0 0 0 0 0 0 0 0 0/0 0:00 0:00 0:00
Ryan Ellis 0 0 0 0 0 0 0 0 0 0 0/0 9:33 0:00 0:26
Ryan Vesce 1 1 2 3 0 2 1 1 0 0 1/3 21:59 4:13 4:04
Players Stats for River Rats
Player Name G A P +/- PIM S H SB GA TA FO MP PP MP PK MP
------------------------------------------------------------------------------------
Andy Greene 0 0 0 -2 0 2 2 2 2 0 0/0 29:15 7:01 2:34
Brett Maclean 1 0 1 -1 0 3 1 0 0 0 2/4 26:10 6:29 4:26
Chris Mcallister 0 0 0 -1 0 3 1 1 0 0 0/0 13:24 0:00 1:25
Damien Brunner 1 1 2 -3 0 7 2 0 0 0 0/1 20:22 6:22 0:00
Jamie Arniel 0 0 0 -1 0 2 0 1 0 0 2/4 7:12 0:00 0:00
Jay Beagle 0 0 0 -1 0 2 1 0 1 0 0/0 10:26 0:00 2:20
Keith Seabrook 0 0 0 1 2 0 1 3 0 0 0/0 10:18 0:00 0:09
Kellan Lain 0 0 0 0 0 1 1 0 0 0 5/9 12:19 0:26 2:20
Martin Grenier 0 1 1 -2 0 6 1 1 0 2 0/0 26:21 5:08 5:22
Matt Jones 0 0 0 -2 2 0 1 2 0 0 0/0 23:48 5:08 3:45
Michael Del Zotto 1 0 1 -2 0 3 2 1 1 1 0/0 28:30 7:01 2:34
Patrick Maroon 0 0 0 0 0 1 1 0 0 0 1/2 13:51 5:27 0:00
Pavel Valentenko 0 0 0 0 2 0 0 1 1 0 0/0 11:20 0:00 1:28
Peter Mueller 0 1 1 -2 0 3 1 0 0 0 5/10 17:07 5:27 0:00
Steve Quailer 0 1 1 -1 2 1 1 1 0 0 1/1 16:18 5:27 0:00
Taylor Beck 0 0 0 -1 0 1 1 0 0 0 0/0 8:57 0:00 1:00
Tomas Kubalik 0 0 0 0 0 1 1 0 1 0 0/0 8:55 0:20 0:00
Tyler Bozak 1 2 3 -1 0 4 3 0 2 1 29/42 26:07 6:29 4:21
3 Stars
1 - Matt Halischuk (Tex)
2 - Ryan Vesce (Tex)
3 - Marcus Kruger (Tex)
Power Play
Little Stars - 0 on 4 Attempt(s) - 0,00%
River Rats - 3 on 9 Attempt(s) - 33,33%
Penalty Kill
Little Stars - 6 on 9 Attempt(s) - 66,67%
- Score 0 goal in Penalty Kill
River Rats - 4 on 4 Attempt(s) - 100,00%
- Score 0 goal in Penalty Kill
Official
Referees : Ciamaga Chris and Kimmerly Greg
Linesman : Derek Nansen and Mark Shewchyk
Game Notes
5:15 of 2nd period - River Rats goal is going for a video replay. After video review, No Goal. The puck has been directed, batted or thrown into the net by an attacking player other than with a stick.
Finance
Level 1 -- Attendance: 1346 (67,30%) -- Ticket Income 47 110 $
Level 2 -- Attendance: 739 (73,90%) -- Ticket Income 11 085 $
Total Attendance: 2085 (69,50%)
Total Ticket Income: 58 195 $
Other Income: 2 910 $
Total Income: 61 105 $
Little Stars
5 vs 5 Forward
Center Left Wing Right Wing Time % Phy DF OF
1 Éric Belanger Chris Dingman Ryan Vesce 40 1 2 2
2 Marcus Kruger Jesse Joensuu Matt Halischuk 30 1 2 2
3 Cody Bass Carl Hagelin Jimmy Hayes 20 1 2 2
4 Landon Ferraro Alexander Vasyunov Éric Belanger 10 1 2 2
5 vs 5 Defense
Defense Defense Time % Phy DF OF
1 Mathieu Roy Clay Wilson 40 1 2 2
2 Raphael Diaz Cameron Schilling 30 1 2 2
3 Ryan Ellis Matt Pelech 20 1 2 2
4 Danny DeKeiser Mathieu Roy 10 1 2 2
PowerPlay Forward
Center Left Wing Right Wing Time % Phy DF OF
1 Éric Belanger Chris Dingman Ryan Vesce 60 1 2 2
2 Marcus Kruger Jesse Joensuu Matt Halischuk 40 1 2 2
PowerPlay Defense
Defense Defense Time % Phy DF OF
1 Mathieu Roy Clay Wilson 60 1 2 2
2 Raphael Diaz Cameron Schilling 40 1 2 2
Penalty Kill 4 Players Forward
Center Wing Time % Phy DF OF
1 Éric Belanger Chris Dingman 60 1 2 2
2 Ryan Vesce Matt Halischuk 40 1 2 2
Penalty Kill 4 Players Defense
Defense Defense Time % Phy DF OF
1 Mathieu Roy Clay Wilson 60 1 2 2
2 Raphael Diaz Cameron Schilling 40 1 2 2
Penalty Kill - 3 Players Forward
Forward Time % Phy DF OF
1 Éric Belanger 60 1 2 2
2 Chris Dingman 40 1 2 2
Penalty Kill - 3 Players Defense
Defense Defense Time % Phy DF OF
1 Mathieu Roy Clay Wilson 60 1 2 2
2 Raphael Diaz Cameron Schilling 40 1 2 2
4 vs 4 Forward
Center Wing Time % Phy DF OF
1 Éric Belanger Chris Dingman 60 1 2 2
2 Ryan Vesce Matt Halischuk 40 1 2 2
4 vs 4 Defense
Defense Defense Time % Phy DF OF
1 Mathieu Roy Clay Wilson 60 1 2 2
2 Raphael Diaz Cameron Schilling 40 1 2 2
Last Minutes Offensive
Center Left Wing Right Wing Defense Defense
Éric Belanger Chris Dingman Ryan Vesce Mathieu Roy Clay Wilson
Last Minutes Defensive
Center Left Wing Right Wing Defense Defense
Éric Belanger Chris Dingman Ryan Vesce Mathieu Roy Clay Wilson
Goaltenders
Starting : Erik Ersberg
Backup : Ben Scrivens
Extra Forwards
Normal : Cody Bass, Carl Hagelin, Jimmy Hayes - PP : Cody Bass, Carl Hagelin - PK : Jimmy Hayes
Extra Defensemen
Normal : Ryan Ellis, Matt Pelech, Danny DeKeiser - PP : Ryan Ellis - PK : Matt Pelech, Danny DeKeiser
Penalty Shots
Éric Belanger, Chris Dingman, Ryan Vesce, Matt Halischuk, Marcus Kruger
River Rats
5 vs 5 Forward
Center Left Wing Right Wing Time % Phy DF OF
1 Tyler Bozak Brett Maclean Damien Brunner 40 1 2 2
2 Peter Mueller Chris Mcallister Steve Quailer 30 1 2 2
3 Kellan Lain Patrick Maroon Tomas Kubalik 20 1 2 2
4 Jamie Arniel Taylor Beck Jay Beagle 10 1 2 2
5 vs 5 Defense
Defense Defense Time % Phy DF OF
1 Andy Greene Michael Del Zotto 40 1 2 2
2 Matt Jones Martin Grenier 30 1 2 2
3 Keith Seabrook Pavel Valentenko 20 1 2 2
4 Andy Greene Martin Grenier 10 1 2 2
PowerPlay Forward
Center Left Wing Right Wing Time % Phy DF OF
1 Tyler Bozak Brett Maclean Damien Brunner 60 1 2 2
2 Peter Mueller Patrick Maroon Steve Quailer 40 1 2 2
PowerPlay Defense
Defense Defense Time % Phy DF OF
1 Andy Greene Michael Del Zotto 60 1 2 2
2 Matt Jones Martin Grenier 40 1 2 2
Penalty Kill 4 Players Forward
Center Wing Time % Phy DF OF
1 Tyler Bozak Brett Maclean 60 1 2 2
2 Kellan Lain Jay Beagle 40 1 2 2
Penalty Kill 4 Players Defense
Defense Defense Time % Phy DF OF
1 Martin Grenier Matt Jones 60 1 2 2
2 Andy Greene Michael Del Zotto 40 1 2 2
Penalty Kill - 3 Players Forward
Forward Time % Phy DF OF
1 Tyler Bozak 60 1 2 2
2 Jay Beagle 40 1 2 2
Penalty Kill - 3 Players Defense
Defense Defense Time % Phy DF OF
1 Martin Grenier Matt Jones 60 1 2 2
2 Andy Greene Michael Del Zotto 40 1 2 2
4 vs 4 Forward
Center Wing Time % Phy DF OF
1 Tyler Bozak Brett Maclean 60 1 2 2
2 Peter Mueller Damien Brunner 40 1 2 2
4 vs 4 Defense
Defense Defense Time % Phy DF OF
1 Martin Grenier Matt Jones 60 1 2 2
2 Andy Greene Michael Del Zotto 40 1 2 2
Last Minutes Offensive
Center Left Wing Right Wing Defense Defense
Tyler Bozak Brett Maclean Damien Brunner Martin Grenier Matt Jones
Last Minutes Defensive
Center Left Wing Right Wing Defense Defense
Tyler Bozak Brett Maclean Damien Brunner Martin Grenier Matt Jones
Goaltenders
Starting : Braden Holtby
Backup : Allen York
Extra Forwards
Normal : Kellan Lain, Chris Mcallister, Jay Beagle - PP : Kellan Lain, Tomas Kubalik - PK : Chris Mcallister
Extra Defensemen
Normal : Pavel Valentenko, Michael Del Zotto, Keith Seabrook - PP : Andy Greene - PK : Pavel Valentenko, Keith Seabrook
Penalty Shots
Tyler Bozak, Brett Maclean, Damien Brunner, Peter Mueller, Kellan Lain
% Time on Ice - Little Stars
Lines # - Real PCT - Wanted PCT - Time Play
Normal Forward
1 - 33% - 40% - 13:03
2 - 30% - 30% - 12:10
3 - 25% - 20% - 9:47
4 - 12% - 10% - 4:55
Normal Defense
1 - 43% - 40% - 17:00
2 - 33% - 30% - 13:07
3 - 20% - 20% - 8:07
4 - 4% - 10% - 1:41
PP Forward
1 - 59% - 60% - 4:43
2 - 41% - 40% - 3:13
PP Defense
1 - 63% - 60% - 5:01
2 - 37% - 40% - 2:55
PK Forward
1 - 67% - 60% - 8:05
2 - 33% - 40% - 4:04
PK Defense
1 - 60% - 60% - 7:17
2 - 40% - 40% - 4:52
PK3 Forward
1 - 0% - 60%
2 - 0% - 40%
PK3 Defense
1 - 0% - 60%
2 - 0% - 40%
44 Forward
1 - 73% - 60% - 3:23
2 - 28% - 40% - 1:17
44 Defense
1 - 66% - 60% - 3:06
2 - 34% - 40% - 1:34
Last Minute Offensive - 0:00
Last Minute Defensive - 0:00
Total
Forward - 64:40
Defense - 64:40
|
% Time on Ice - River Rats
Lines # - Real PCT - Wanted PCT - Time Play
Normal Forward
1 - 34% - 40% - 13:27
2 - 27% - 30% - 10:46
3 - 21% - 20% - 8:30
4 - 18% - 10% - 7:12
Normal Defense
1 - 42% - 40% - 16:54
2 - 32% - 30% - 12:54
3 - 23% - 20% - 9:22
4 - 2% - 10% - 0:45
PP Forward
1 - 55% - 60% - 6:42
2 - 45% - 40% - 5:27
PP Defense
1 - 58% - 60% - 7:01
2 - 42% - 40% - 5:08
PK Forward
1 - 71% - 60% - 5:36
2 - 29% - 40% - 2:20
PK Defense
1 - 68% - 60% - 5:22
2 - 32% - 40% - 2:34
PK3 Forward
1 - 0% - 60%
2 - 0% - 40%
PK3 Defense
1 - 0% - 60%
2 - 0% - 40%
44 Forward
1 - 76% - 60% - 3:34
2 - 24% - 40% - 1:06
44 Defense
1 - 63% - 60% - 2:56
2 - 37% - 40% - 1:44
Last Minute Offensive - 0:00
Last Minute Defensive - 0:00
Total
Forward - 64:40
Defense - 64:40
|
Play by Play
1st period
0:01 of 1st period - Tyler Bozak wins face-off versus Éric Belanger in neutral zone.
0:10 of 1st period - Snap shot by Tyler Bozak.
0:10 of 1st period - Stopped by Erik Ersberg with a rebound.
0:26 of 1st period - Damien Brunner is hit by Cody Bass and loses puck.
0:39 of 1st period - Slapshot by Damien Brunner.
0:39 of 1st period - Stopped by Erik Ersberg with a rebound.
0:57 of 1st period - Off-side.
0:58 of 1st period - Kellan Lain wins face-off versus Landon Ferraro in neutral zone.
1:03 of 1st period - Matt Pelech is hit by Keith Seabrook.
1:27 of 1st period - Snap shot by Peter Mueller.
1:27 of 1st period - Shot Blocked by Matt Pelech.
1:37 of 1st period - Martin Grenier is hit by Jesse Joensuu and loses puck.
1:57 of 1st period - Mathieu Roy is hit by Taylor Beck and loses puck.
2:42 of 1st period - Slapshot by Raphael Diaz.
2:42 of 1st period - Stopped by Braden Holtby with a rebound.
2:44 of 1st period - Slapshot by Raphael Diaz.
2:44 of 1st period - Stopped by Braden Holtby with a rebound.
2:46 of 1st period - Slapshot by Raphael Diaz.
2:46 of 1st period - Stopped by Braden Holtby with a rebound.
2:48 of 1st period - Slapshot by Raphael Diaz.
2:48 of 1st period - Stopped by Braden Holtby with a rebound.
2:58 of 1st period - Pavel Valentenko is hit by Raphael Diaz and loses puck.
3:20 of 1st period - Minor Penalty to Jimmy Hayes for Slashing.
3:21 of 1st period - Peter Mueller wins face-off versus Éric Belanger in Little Stars zone.
3:21 of 1st period - Wrist shot by Steve Quailer.
3:21 of 1st period - Stopped by Erik Ersberg with a rebound.
3:23 of 1st period - Wrist shot by Michael Del Zotto.
3:23 of 1st period - Goal by Michael Del Zotto - Little Stars : 0 - River Rats : 1.
3:24 of 1st period - Peter Mueller wins face-off versus Éric Belanger in neutral zone.
3:37 of 1st period - Backhand shot by Ryan Vesce.
3:37 of 1st period - Shot Blocked by Steve Quailer.
3:45 of 1st period - Minor Penalty to Steve Quailer for Tripping.
3:46 of 1st period - Chris Dingman wins face-off versus Tyler Bozak in River Rats zone.
5:45 of 1st period - Penalty to Steve Quailer is over, Steve Quailer is back on ice.
5:48 of 1st period - Michael Del Zotto is hit by Raphael Diaz and loses puck.
7:18 of 1st period - Minor Penalty to Chris Dingman for Hooking.
7:19 of 1st period - Éric Belanger wins face-off versus Brett Maclean in Little Stars zone.
8:01 of 1st period - Icing by Martin Grenier.
8:02 of 1st period - Éric Belanger wins face-off versus Peter Mueller in River Rats zone.
8:03 of 1st period - Snap shot by Raphael Diaz.
8:03 of 1st period - Shot Misses the Net.
9:17 of 1st period - Brett Maclean is hit by Éric Belanger and loses puck.
9:18 of 1st period - Penalty to Chris Dingman is over, Chris Dingman is back on ice.
9:32 of 1st period - Snap shot by Éric Belanger.
9:32 of 1st period - Deflect By Chris Dingman.
9:32 of 1st period - Stopped by Braden Holtby with a rebound.
9:34 of 1st period - Wrist shot by Jimmy Hayes.
9:34 of 1st period - Stopped by Braden Holtby without a rebound.
9:35 of 1st period - Jamie Arniel wins face-off versus Marcus Kruger in River Rats zone.
9:40 of 1st period - Slapshot by Martin Grenier.
9:40 of 1st period - Shot Blocked by Jesse Joensuu.
9:42 of 1st period - Snap shot by Jay Beagle.
9:42 of 1st period - Stopped by Erik Ersberg with a rebound.
9:44 of 1st period - Snap shot by Jay Beagle.
9:44 of 1st period - Stopped by Erik Ersberg without a rebound.
9:45 of 1st period - Marcus Kruger wins face-off versus Jamie Arniel in Little Stars zone.
9:45 of 1st period - Marcus Kruger is hit by Matt Jones.
10:02 of 1st period - Jay Beagle is hit by Matt Pelech and loses puck.
10:21 of 1st period - Slapshot by Jamie Arniel.
10:21 of 1st period - Deflect By Matt Halischuk.
10:21 of 1st period - Stopped by Erik Ersberg with a rebound.
10:23 of 1st period - Wrist shot by Jay Beagle.
10:23 of 1st period - Deflect By Taylor Beck.
10:23 of 1st period - Stopped by Erik Ersberg with a rebound.
10:25 of 1st period - Snap shot by Matt Jones.
10:25 of 1st period - Deflect By Jamie Arniel.
10:25 of 1st period - Shot Misses the Net.
10:25 of 1st period - Puck is out of play.
10:26 of 1st period - Éric Belanger wins face-off versus Tyler Bozak in Little Stars zone.
10:26 of 1st period - Éric Belanger is hit by Tyler Bozak.
10:40 of 1st period - Snap shot by Tyler Bozak.
10:40 of 1st period - Shot Blocked by Éric Belanger.
12:18 of 1st period - Backhand shot by Peter Mueller.
12:18 of 1st period - Stopped by Erik Ersberg with a rebound.
12:20 of 1st period - Wrist shot by Chris Mcallister.
12:20 of 1st period - Shot Misses the Net.
13:32 of 1st period - Snap shot by Damien Brunner.
13:32 of 1st period - Shot Misses the Net.
13:52 of 1st period - Cameron Schilling is hit by Kellan Lain.
14:02 of 1st period - Martin Grenier is hit by Mathieu Roy and loses puck.
14:28 of 1st period - Minor Penalty to Cody Bass for Roughing.
14:29 of 1st period - Tyler Bozak wins face-off versus Éric Belanger in Little Stars zone.
15:08 of 1st period - Snap shot by Damien Brunner.
15:08 of 1st period - Deflect By Brett Maclean.
15:08 of 1st period - Shot Misses the Net.
15:08 of 1st period - Puck is out of play.
15:09 of 1st period - Patrick Maroon wins face-off versus Chris Dingman in Little Stars zone.
15:10 of 1st period - Wrist shot by Peter Mueller.
15:10 of 1st period - Shot Blocked by Chris Dingman.
15:12 of 1st period - Snap shot by Martin Grenier.
15:12 of 1st period - Stopped by Erik Ersberg with a rebound.
15:14 of 1st period - Snap shot by Martin Grenier.
15:14 of 1st period - Stopped by Erik Ersberg without a rebound.
15:15 of 1st period - Éric Belanger wins face-off versus Peter Mueller in Little Stars zone.
15:45 of 1st period - Wrist shot by Tyler Bozak.
15:45 of 1st period - Deflect By Damien Brunner.
15:45 of 1st period - Shot Blocked by Raphael Diaz.
15:45 of 1st period - Puck is out of play.
15:46 of 1st period - Tyler Bozak wins face-off versus Ryan Vesce in Little Stars zone.
16:03 of 1st period - Snap shot by Ryan Vesce.
16:03 of 1st period - Shot Misses the Net.
16:05 of 1st period - Snap shot by Matt Halischuk.
16:05 of 1st period - Shot Misses the Net.
16:07 of 1st period - Snap shot by Matt Halischuk.
16:07 of 1st period - Stopped by Braden Holtby with a rebound.
16:28 of 1st period - Penalty to Cody Bass is over, Cody Bass is back on ice.
16:53 of 1st period - Snap shot by Raphael Diaz.
16:53 of 1st period - Shot Blocked by Pavel Valentenko.
17:18 of 1st period - Minor Penalty to Keith Seabrook for Interference.
17:19 of 1st period - Tyler Bozak wins face-off versus Éric Belanger in River Rats zone.
17:39 of 1st period - Slapshot by Clay Wilson.
17:39 of 1st period - Shot Blocked by Matt Jones.
17:43 of 1st period - Wrist shot by Clay Wilson.
17:43 of 1st period - Shot Misses the Net.
17:45 of 1st period - Wrist shot by Matt Halischuk.
17:45 of 1st period - Shot Misses the Net.
18:01 of 1st period - Slapshot by Martin Grenier.
18:01 of 1st period - Shot Misses the Net.
18:54 of 1st period - Icing by Chris Dingman.
18:55 of 1st period - Éric Belanger wins face-off versus Kellan Lain in Little Stars zone.
19:00 of 1st period - Cody Bass is hit by Jay Beagle and loses puck.
19:18 of 1st period - Penalty to Keith Seabrook is over, Keith Seabrook is back on ice.
19:23 of 1st period - Snap shot by Tyler Bozak.
19:23 of 1st period - Goal by Tyler Bozak - Little Stars : 0 - River Rats : 2.
19:24 of 1st period - Tyler Bozak wins face-off versus Éric Belanger in neutral zone.
19:33 of 1st period - Tyler Bozak is hit by Chris Dingman and loses puck.
19:38 of 1st period - Slapshot by Chris Dingman.
19:38 of 1st period - Goal by Chris Dingman - Little Stars : 1 - River Rats : 2.
19:39 of 1st period - Tyler Bozak wins face-off versus Éric Belanger in neutral zone.
19:50 of 1st period - Wrist shot by Tyler Bozak.
19:50 of 1st period - Shot Blocked by Ryan Vesce.
Goals for this period are 1 for Little Stars vs 2 for River Rats.
Shots for this period are 8 for Little Stars vs 12 for River Rats.
2nd period
0:01 of 2nd period - Éric Belanger wins face-off versus Tyler Bozak in neutral zone.
0:06 of 2nd period - Snap shot by Chris Dingman.
0:06 of 2nd period - Stopped by Braden Holtby with a rebound.
0:12 of 2nd period - Mathieu Roy is hit by Tyler Bozak and loses puck.
0:53 of 2nd period - Snap shot by Cody Bass.
0:53 of 2nd period - Deflect By Jimmy Hayes.
0:53 of 2nd period - Shot Blocked by Martin Grenier.
0:53 of 2nd period - Puck is out of play.
0:54 of 2nd period - Cody Bass wins face-off versus Kellan Lain in River Rats zone.
1:05 of 2nd period - Slapshot by Jimmy Hayes.
1:05 of 2nd period - Shot Misses the Net.
1:07 of 2nd period - Wrist shot by Jimmy Hayes.
1:07 of 2nd period - Deflect By Cody Bass.
1:07 of 2nd period - Shot Misses the Net.
1:07 of 2nd period - Puck is out of play.
1:08 of 2nd period - Éric Belanger wins face-off versus Tyler Bozak in River Rats zone.
1:09 of 2nd period - Snap shot by Chris Dingman.
1:09 of 2nd period - Shot Misses the Net.
1:34 of 2nd period - Michael Del Zotto is hit by Jesse Joensuu and loses puck.
1:39 of 2nd period - Snap shot by Matt Halischuk.
1:39 of 2nd period - Deflect By Marcus Kruger.
1:39 of 2nd period - Stopped by Braden Holtby without a rebound.
1:40 of 2nd period - Marcus Kruger wins face-off versus Peter Mueller in River Rats zone.
1:53 of 2nd period - Wrist shot by Jesse Joensuu.
1:53 of 2nd period - Shot Misses the Net.
1:55 of 2nd period - Snap shot by Marcus Kruger.
1:55 of 2nd period - Goal by Marcus Kruger - Little Stars : 2 - River Rats : 2.
1:56 of 2nd period - Chris Dingman wins face-off versus Tyler Bozak in neutral zone.
3:44 of 2nd period - Slapshot by Jimmy Hayes.
3:44 of 2nd period - Shot Misses the Net.
3:55 of 2nd period - Off-side.
3:56 of 2nd period - Marcus Kruger wins face-off versus Kellan Lain in neutral zone.
3:56 of 2nd period - Marcus Kruger is hit by Tomas Kubalik.
4:05 of 2nd period - Slapshot by Andy Greene.
4:05 of 2nd period - Deflect By Tomas Kubalik.
4:05 of 2nd period - Shot Blocked by Matt Pelech.
4:05 of 2nd period - Puck is out of play.
4:06 of 2nd period - Éric Belanger wins face-off versus Tyler Bozak in Little Stars zone.
4:06 of 2nd period - Éric Belanger is hit by Andy Greene.
4:32 of 2nd period - Peter Mueller is hit by Matt Halischuk and loses puck.
4:41 of 2nd period - Snap shot by Jesse Joensuu.
4:41 of 2nd period - Stopped by Braden Holtby without a rebound.
4:42 of 2nd period - Jesse Joensuu wins face-off versus Tyler Bozak in River Rats zone.
5:13 of 2nd period - Snap shot by Chris Mcallister.
5:13 of 2nd period - Stopped by Erik Ersberg with a rebound.
5:15 of 2nd period - Wrist shot by Chris Mcallister.
5:15 of 2nd period - River Rats goal is going for a video replay.
5:15 of 2nd period - The goal is refused. The puck has been directed, batted or thrown into the net by an attacking player other than with a stick..
5:16 of 2nd period - Ryan Vesce wins face-off versus Peter Mueller in Little Stars zone.
5:16 of 2nd period - Ryan Vesce is hit by Chris Mcallister.
6:15 of 2nd period - Wrist shot by Marcus Kruger.
6:15 of 2nd period - Stopped by Braden Holtby with a rebound.
6:17 of 2nd period - Slapshot by Jesse Joensuu.
6:17 of 2nd period - Stopped by Braden Holtby without a rebound.
6:18 of 2nd period - Éric Belanger wins face-off versus Tyler Bozak in River Rats zone.
6:33 of 2nd period - Wrist shot by Ryan Vesce.
6:33 of 2nd period - Deflect By Éric Belanger.
6:33 of 2nd period - Goal by Éric Belanger - Little Stars : 3 - River Rats : 2.
6:34 of 2nd period - Tyler Bozak wins face-off versus Éric Belanger in neutral zone.
6:41 of 2nd period - Slapshot by Andy Greene.
6:41 of 2nd period - Shot Hit the Post.
8:46 of 2nd period - Mathieu Roy is hit by Patrick Maroon and loses puck.
9:05 of 2nd period - Slapshot by Mathieu Roy.
9:05 of 2nd period - Deflect By Jesse Joensuu.
9:05 of 2nd period - Shot Blocked by Keith Seabrook.
9:05 of 2nd period - Puck is out of play.
9:06 of 2nd period - Marcus Kruger wins face-off versus Damien Brunner in River Rats zone.
9:13 of 2nd period - Snap shot by Matt Halischuk.
9:13 of 2nd period - Shot Misses the Net.
9:15 of 2nd period - Minor Penalty to Pavel Valentenko for Holding.
9:16 of 2nd period - Tyler Bozak wins face-off versus Éric Belanger in River Rats zone.
9:25 of 2nd period - Backhand shot by Martin Grenier.
9:25 of 2nd period - Stopped by Erik Ersberg with a rebound.
9:27 of 2nd period - Slapshot by Martin Grenier.
9:27 of 2nd period - Stopped by Erik Ersberg with a rebound.
9:29 of 2nd period - Wrist shot by Martin Grenier.
9:29 of 2nd period - Stopped by Erik Ersberg without a rebound.
9:30 of 2nd period - Tyler Bozak wins face-off versus Éric Belanger in Little Stars zone.
9:31 of 2nd period - Wrist shot by Brett Maclean.
9:31 of 2nd period - Stopped by Erik Ersberg with a rebound.
11:15 of 2nd period - Penalty to Pavel Valentenko is over, Pavel Valentenko is back on ice.
11:43 of 2nd period - Icing by Kellan Lain.
11:44 of 2nd period - Kellan Lain wins face-off versus Carl Hagelin in River Rats zone.
11:44 of 2nd period - Kellan Lain is hit by Carl Hagelin.
11:50 of 2nd period - Backhand shot by Cody Bass.
11:50 of 2nd period - Shot Blocked by Keith Seabrook.
12:08 of 2nd period - Steve Quailer is hit by Marcus Kruger and loses puck.
12:35 of 2nd period - Backhand shot by Chris Mcallister.
12:35 of 2nd period - Stopped by Erik Ersberg with a rebound.
12:37 of 2nd period - Wrist shot by Peter Mueller.
12:37 of 2nd period - Shot Misses the Net.
12:39 of 2nd period - Snap shot by Peter Mueller.
12:39 of 2nd period - Stopped by Erik Ersberg without a rebound.
12:40 of 2nd period - Tyler Bozak wins face-off versus Landon Ferraro in Little Stars zone.
12:46 of 2nd period - Minor Penalty to Raphael Diaz for Interference.
12:47 of 2nd period - Éric Belanger wins face-off versus Brett Maclean in Little Stars zone.
12:47 of 2nd period - Éric Belanger is hit by Tyler Bozak.
12:51 of 2nd period - Clay Wilson is hit by Damien Brunner and loses puck.
13:02 of 2nd period - Snap shot by Brett Maclean.
13:02 of 2nd period - Shot Blocked by Clay Wilson.
13:12 of 2nd period - Chris Dingman is hit by Andy Greene and loses puck.
14:46 of 2nd period - Penalty to Raphael Diaz is over, Raphael Diaz is back on ice.
15:25 of 2nd period - Tomas Kubalik is hit by Jimmy Hayes and loses puck.
15:36 of 2nd period - Slapshot by Éric Belanger.
15:36 of 2nd period - Shot Blocked by Keith Seabrook.
15:50 of 2nd period - Slapshot by Raphael Diaz.
15:50 of 2nd period - Stopped by Braden Holtby with a rebound.
15:52 of 2nd period - Wrist shot by Marcus Kruger.
15:52 of 2nd period - Deflect By Jesse Joensuu.
15:52 of 2nd period - Shot Misses the Net.
15:52 of 2nd period - Puck is out of play.
15:53 of 2nd period - Brett Maclean wins face-off versus Marcus Kruger in River Rats zone.
16:05 of 2nd period - Minor Penalty to Mathieu Roy for Interference.
16:06 of 2nd period - Brett Maclean wins face-off versus Éric Belanger in Little Stars zone.
16:14 of 2nd period - Slapshot by Damien Brunner.
16:14 of 2nd period - Shot Misses the Net.
16:16 of 2nd period - Backhand shot by Damien Brunner.
16:16 of 2nd period - Stopped by Erik Ersberg with a rebound.
16:18 of 2nd period - Snap shot by Brett Maclean.
16:18 of 2nd period - Shot Misses the Net.
16:20 of 2nd period - Snap shot by Brett Maclean.
16:20 of 2nd period - Shot Misses the Net.
16:22 of 2nd period - Slapshot by Tyler Bozak.
16:22 of 2nd period - Stopped by Erik Ersberg with a rebound.
18:05 of 2nd period - Penalty to Mathieu Roy is over, Mathieu Roy is back on ice.
19:13 of 2nd period - Marcus Kruger is hit by Steve Quailer and loses puck.
19:26 of 2nd period - Slapshot by Mathieu Roy.
19:26 of 2nd period - Stopped by Braden Holtby without a rebound.
19:27 of 2nd period - Jamie Arniel wins face-off versus Cody Bass in River Rats zone.
19:27 of 2nd period - Jamie Arniel is hit by Cody Bass.
Goals for this period are 2 for Little Stars vs 0 for River Rats.
Shots for this period are 9 for Little Stars vs 10 for River Rats.
3rd period
0:01 of 3rd period - Tyler Bozak wins face-off versus Éric Belanger in neutral zone.
0:06 of 3rd period - Snap shot by Damien Brunner.
0:06 of 3rd period - Stopped by Erik Ersberg with a rebound.
0:32 of 3rd period - Snap shot by Marcus Kruger.
0:32 of 3rd period - Stopped by Braden Holtby without a rebound.
0:33 of 3rd period - Steve Quailer wins face-off versus Marcus Kruger in River Rats zone.
2:17 of 3rd period - Icing by Martin Grenier.
2:18 of 3rd period - Tyler Bozak wins face-off versus Éric Belanger in River Rats zone.
2:18 of 3rd period - Tyler Bozak is hit by Raphael Diaz.
2:41 of 3rd period - Minor Penalty to Matt Jones for Hooking.
2:42 of 3rd period - Éric Belanger wins face-off versus Tyler Bozak in River Rats zone.
2:51 of 3rd period - Wrist shot by Éric Belanger.
2:51 of 3rd period - Stopped by Braden Holtby without a rebound.
2:52 of 3rd period - Tyler Bozak wins face-off versus Éric Belanger in River Rats zone.
3:10 of 3rd period - Off-side.
3:11 of 3rd period - Tyler Bozak wins face-off versus Marcus Kruger in neutral zone.
3:19 of 3rd period - Wrist shot by Marcus Kruger.
3:19 of 3rd period - Shot Misses the Net.
3:21 of 3rd period - Snap shot by Marcus Kruger.
3:21 of 3rd period - Stopped by Braden Holtby without a rebound.
3:22 of 3rd period - Tyler Bozak wins face-off versus Éric Belanger in River Rats zone.
3:22 of 3rd period - Tyler Bozak is hit by Mathieu Roy.
4:41 of 3rd period - Penalty to Matt Jones is over, Matt Jones is back on ice.
4:55 of 3rd period - Slapshot by Tomas Kubalik.
4:55 of 3rd period - Stopped by Erik Ersberg without a rebound.
4:56 of 3rd period - Kellan Lain wins face-off versus Marcus Kruger in Little Stars zone.
4:56 of 3rd period - Kellan Lain is hit by Clay Wilson.
5:00 of 3rd period - Snap shot by Kellan Lain.
5:00 of 3rd period - Stopped by Erik Ersberg with a rebound.
5:23 of 3rd period - Tomas Kubalik is hit by Mathieu Roy and loses puck.
5:28 of 3rd period - Snap shot by Cody Bass.
5:28 of 3rd period - Shot Blocked by Michael Del Zotto.
5:31 of 3rd period - Icing by Andy Greene.
5:32 of 3rd period - Éric Belanger wins face-off versus Kellan Lain in River Rats zone.
5:45 of 3rd period - Slapshot by Ryan Vesce.
5:45 of 3rd period - Stopped by Braden Holtby with a rebound.
5:47 of 3rd period - Wrist shot by Chris Dingman.
5:47 of 3rd period - Shot Misses the Net.
6:25 of 3rd period - Snap shot by Cody Bass.
6:25 of 3rd period - Stopped by Braden Holtby without a rebound.
6:26 of 3rd period - Tyler Bozak wins face-off versus Chris Dingman in River Rats zone.
6:53 of 3rd period - Clay Wilson is hit by Martin Grenier and loses puck.
6:58 of 3rd period - Snap shot by Peter Mueller.
6:58 of 3rd period - Stopped by Erik Ersberg without a rebound.
6:59 of 3rd period - Éric Belanger wins face-off versus Peter Mueller in Little Stars zone.
7:53 of 3rd period - Slapshot by Jamie Arniel.
7:53 of 3rd period - Stopped by Erik Ersberg without a rebound.
7:54 of 3rd period - Tyler Bozak wins face-off versus Éric Belanger in Little Stars zone.
7:57 of 3rd period - Wrist shot by Damien Brunner.
7:57 of 3rd period - Stopped by Erik Ersberg with a rebound.
7:59 of 3rd period - Minor Penalty to Mathieu Roy for Tripping.
8:00 of 3rd period - Tyler Bozak wins face-off versus Éric Belanger in Little Stars zone.
8:05 of 3rd period - Snap shot by Damien Brunner.
8:05 of 3rd period - Goal by Damien Brunner - Little Stars : 3 - River Rats : 3.
8:06 of 3rd period - Tyler Bozak wins face-off versus Éric Belanger in neutral zone.
8:13 of 3rd period - Slapshot by Andy Greene.
8:13 of 3rd period - Stopped by Erik Ersberg with a rebound.
8:15 of 3rd period - Slapshot by Andy Greene.
8:15 of 3rd period - Shot Blocked by Chris Dingman.
8:38 of 3rd period - Snap shot by Michael Del Zotto.
8:38 of 3rd period - Shot Misses the Net.
8:54 of 3rd period - Snap shot by Carl Hagelin.
8:54 of 3rd period - Shot Blocked by Jamie Arniel.
9:12 of 3rd period - Jamie Arniel is hit by Alexander Vasyunov and loses puck.
9:20 of 3rd period - Minor Penalty to Alexander Vasyunov for Holding.
9:21 of 3rd period - Éric Belanger wins face-off versus Tyler Bozak in Little Stars zone.
9:32 of 3rd period - Snap shot by Tyler Bozak.
9:32 of 3rd period - Stopped by Erik Ersberg without a rebound.
9:33 of 3rd period - Éric Belanger wins face-off versus Tyler Bozak in Little Stars zone.
10:06 of 3rd period - Wrist shot by Peter Mueller.
10:06 of 3rd period - Deflect By Patrick Maroon.
10:06 of 3rd period - Stopped by Erik Ersberg with a rebound.
10:50 of 3rd period - Slapshot by Raphael Diaz.
10:50 of 3rd period - Stopped by Braden Holtby with a rebound.
10:52 of 3rd period - Slapshot by Cameron Schilling.
10:52 of 3rd period - Shot Blocked by Andy Greene.
10:54 of 3rd period - Snap shot by Cameron Schilling.
10:54 of 3rd period - Shot Misses the Net.
10:56 of 3rd period - Slapshot by Raphael Diaz.
10:56 of 3rd period - Deflect By Jesse Joensuu.
10:56 of 3rd period - Shot Misses the Net.
10:56 of 3rd period - Puck is out of play.
10:57 of 3rd period - Tyler Bozak wins face-off versus Éric Belanger in River Rats zone.
11:02 of 3rd period - Mathieu Roy is hit by Damien Brunner and loses puck.
11:18 of 3rd period - Off-side.
11:19 of 3rd period - Peter Mueller wins face-off versus Ryan Vesce in neutral zone.
11:20 of 3rd period - Penalty to Alexander Vasyunov is over, Alexander Vasyunov is back on ice.
11:24 of 3rd period - Snap shot by Peter Mueller.
11:24 of 3rd period - Shot Misses the Net.
11:28 of 3rd period - Snap shot by Michael Del Zotto.
11:28 of 3rd period - Stopped by Erik Ersberg without a rebound.
11:29 of 3rd period - Peter Mueller wins face-off versus Éric Belanger in Little Stars zone.
11:38 of 3rd period - Slapshot by Andy Greene.
11:38 of 3rd period - Stopped by Erik Ersberg without a rebound.
11:39 of 3rd period - Tyler Bozak wins face-off versus Éric Belanger in Little Stars zone.
12:06 of 3rd period - Wrist shot by Éric Belanger.
12:06 of 3rd period - Stopped by Braden Holtby with a rebound.
12:22 of 3rd period - Mathieu Roy is hit by Michael Del Zotto and loses puck.
12:27 of 3rd period - Slapshot by Michael Del Zotto.
12:27 of 3rd period - Stopped by Erik Ersberg with a rebound.
12:29 of 3rd period - Slapshot by Andy Greene.
12:29 of 3rd period - Shot Misses the Net.
12:48 of 3rd period - Snap shot by Marcus Kruger.
12:48 of 3rd period - Shot Misses the Net.
12:54 of 3rd period - Marcus Kruger is hit by Brett Maclean.
13:11 of 3rd period - Icing by Matt Jones.
13:12 of 3rd period - Tyler Bozak wins face-off versus Cody Bass in River Rats zone.
13:33 of 3rd period - Minor Penalty to Jimmy Hayes for Tripping.
13:34 of 3rd period - Peter Mueller wins face-off versus Éric Belanger in Little Stars zone.
15:33 of 3rd period - Penalty to Jimmy Hayes is over, Jimmy Hayes is back on ice.
16:14 of 3rd period - Snap shot by Éric Belanger.
16:14 of 3rd period - Stopped by Braden Holtby without a rebound.
16:15 of 3rd period - Marcus Kruger wins face-off versus Jamie Arniel in River Rats zone.
16:16 of 3rd period - Slapshot by Matt Halischuk.
16:16 of 3rd period - Goal by Matt Halischuk - Little Stars : 4 - River Rats : 3.
16:17 of 3rd period - Cody Bass wins face-off versus Patrick Maroon in neutral zone.
16:44 of 3rd period - Matt Jones is hit by Jesse Joensuu and loses puck.
16:49 of 3rd period - Slapshot by Raphael Diaz.
16:49 of 3rd period - Deflect By Matt Jones.
16:49 of 3rd period - Stopped by Braden Holtby without a rebound.
16:50 of 3rd period - Kellan Lain wins face-off versus Éric Belanger in River Rats zone.
16:50 of 3rd period - Kellan Lain is hit by Ryan Vesce.
16:56 of 3rd period - Patrick Maroon is hit by Cameron Schilling and loses puck.
17:05 of 3rd period - Snap shot by Chris Dingman.
17:05 of 3rd period - Stopped by Braden Holtby without a rebound.
17:06 of 3rd period - Tyler Bozak wins face-off versus Jimmy Hayes in River Rats zone.
17:15 of 3rd period - Minor Penalty to Mathieu Roy for Tripping.
17:16 of 3rd period - Tyler Bozak wins face-off versus Éric Belanger in Little Stars zone.
17:17 of 3rd period - Slapshot by Damien Brunner.
17:17 of 3rd period - Stopped by Erik Ersberg with a rebound.
17:19 of 3rd period - Snap shot by Damien Brunner.
17:19 of 3rd period - Shot Blocked by Matt Pelech.
17:21 of 3rd period - Snap shot by Brett Maclean.
17:21 of 3rd period - Goal by Brett Maclean - Little Stars : 4 - River Rats : 4.
17:22 of 3rd period - Kellan Lain wins face-off versus Cody Bass in neutral zone.
17:48 of 3rd period - Landon Ferraro is hit by Michael Del Zotto and loses puck.
17:55 of 3rd period - Wrist shot by Tyler Bozak.
17:55 of 3rd period - Shot Blocked by Clay Wilson.
17:57 of 3rd period - Slapshot by Matt Jones.
17:57 of 3rd period - Shot Misses the Net.
18:16 of 3rd period - Wrist shot by Jesse Joensuu.
18:16 of 3rd period - Shot Blocked by Chris Mcallister.
18:20 of 3rd period - Slapshot by Mathieu Roy.
18:20 of 3rd period - Deflect By Chris Mcallister.
18:20 of 3rd period - Stopped by Braden Holtby with a rebound.
18:22 of 3rd period - Snap shot by Marcus Kruger.
18:22 of 3rd period - Stopped by Braden Holtby with a rebound.
19:25 of 3rd period - Ryan Ellis is hit by Peter Mueller and loses puck.
19:58 of 3rd period - Steve Quailer is hit by Alexander Vasyunov and loses puck.
Goals for this period are 1 for Little Stars vs 2 for River Rats.
Shots for this period are 13 for Little Stars vs 15 for River Rats.
Overtime #1
0:01 of 1st overtime period - Tyler Bozak wins face-off versus Éric Belanger in neutral zone.
0:09 of 1st overtime period - Wrist shot by Tyler Bozak.
0:09 of 1st overtime period - Deflect By Brett Maclean.
0:09 of 1st overtime period - Deflect By Chris Dingman.
0:09 of 1st overtime period - Stopped by Erik Ersberg without a rebound.
0:10 of 1st overtime period - Éric Belanger wins face-off versus Tyler Bozak in Little Stars zone.
0:19 of 1st overtime period - Wrist shot by Chris Dingman.
0:19 of 1st overtime period - Stopped by Braden Holtby without a rebound.
0:20 of 1st overtime period - Tyler Bozak wins face-off versus Chris Dingman in River Rats zone.
0:20 of 1st overtime period - Tyler Bozak is hit by Chris Dingman.
0:28 of 1st overtime period - Wrist shot by Martin Grenier.
0:28 of 1st overtime period - Deflect By Clay Wilson.
0:28 of 1st overtime period - Stopped by Erik Ersberg without a rebound.
0:29 of 1st overtime period - Éric Belanger wins face-off versus Tyler Bozak in Little Stars zone.
0:31 of 1st overtime period - Icing by Chris Dingman.
0:32 of 1st overtime period - Tyler Bozak wins face-off versus Éric Belanger in Little Stars zone.
0:35 of 1st overtime period - Slapshot by Brett Maclean.
0:35 of 1st overtime period - Deflect By Tyler Bozak.
0:35 of 1st overtime period - Shot Blocked by Éric Belanger.
0:35 of 1st overtime period - Puck is out of play.
0:36 of 1st overtime period - Tyler Bozak wins face-off versus Éric Belanger in Little Stars zone.
1:25 of 1st overtime period - Snap shot by Ryan Vesce.
1:25 of 1st overtime period - Shot Blocked by Andy Greene.
2:07 of 1st overtime period - Slapshot by Mathieu Roy.
2:07 of 1st overtime period - Shot Blocked by Matt Jones.
2:09 of 1st overtime period - Wrist shot by Carl Hagelin.
2:09 of 1st overtime period - Shot Misses the Net.
2:25 of 1st overtime period - Kellan Lain is hit by Jimmy Hayes and loses puck.
3:26 of 1st overtime period - Chris Mcallister is hit by Mathieu Roy and loses puck.
4:01 of 1st overtime period - Snap shot by Andy Greene.
4:01 of 1st overtime period - Shot Blocked by Raphael Diaz.
4:03 of 1st overtime period - Slapshot by Andy Greene.
4:03 of 1st overtime period - Shot Hit the Post.
4:05 of 1st overtime period - Slapshot by Andy Greene.
4:05 of 1st overtime period - Shot Blocked by Cameron Schilling.
4:09 of 1st overtime period - Wrist shot by Damien Brunner.
4:09 of 1st overtime period - Stopped by Erik Ersberg without a rebound.
4:10 of 1st overtime period - Tyler Bozak wins face-off versus Éric Belanger in Little Stars zone.
4:40 of 1st overtime period - Snap shot by Ryan Vesce.
4:40 of 1st overtime period - Goal by Ryan Vesce - Little Stars : 5 - River Rats : 4.
Goals for this period are 1 for Little Stars vs 0 for River Rats.
Shots for this period are 2 for Little Stars vs 3 for River Rats.
Output by the SimonT Hockey Simulator (STHS) for François Prévost -- Original Page W3C XHTML 1.0 Valid